 Dungeon Crawl Stone Soup version 0.23.2-1-ga50397a (webtiles) character file.

Game seed: 8768093574410439367

89 MalarOregon the Poker (level 4, 0/35 HPs)
             Began as a Merfolk Skald on May 14, 2019.
             Killed by nerve-wracking pain
             ... invoked by Grinder
              (3 damage)
             ... while paralysed by Grinder
             ... on level 3 of the Dungeon.
             The game lasted 00:04:25 (3577 turns).

MalarOregon the Poker (Merfolk Skald)               Turns: 3577, Time: 00:04:26

Health: 0/35       AC:  7    Str: 12    XL:     4   Next: 55%
Magic:  7/7        EV:  2    Int: 12    God:
Gold:   84         SH:  0    Dex: 13    Spells: 6/7 levels left

rFire    + . .     SeeInvis .   a - +0 spear
rCold    + . .     Gourm    .   f - +0 shield
rNeg     . . .     Faith    .   q - +0 scale mail
rPois    +         Spirit   .   s - +0 helmet
rElec    +         Reflect  .   (no cloak)
rCorr    +         Harm     .   (no gloves)
MR       .....                  (no boots)
Stlth    ..........             (no amulet)
HPRegen  0.11/turn              (no ring)
MPRegen  0.10/turn              (no ring)

@: paralysed, resistant, very slightly contaminated, invisible
A: change form in water, swift swim, stealthy swim
a: no special abilities


You were on level 3 of the Dungeon.
You were hungry.

You visited 1 branch of the dungeon, and saw 3 of its levels.

You collected 84 gold pieces.

Inventory:

Hand Weapons
 a - a +0 spear (weapon)
Armour
 f - a +0 shield (worn)
   (You found it on level 2 of the Dungeon)
 q - a +0 scale mail (worn)
   (You found it on level 2 of the Dungeon)
 s - a +0 helmet (worn)
   (You took it off Robin on level 2 of the Dungeon)
Scrolls
 c - 7 scrolls of identify {unknown}
 d - a scroll of enchant weapon {unknown}
 h - 5 scrolls of remove curse {unknown}
 i - a scroll of random uselessness {unknown}
 j - a scroll of teleportation {@r4}
 p - a scroll of enchant armour {unknown}
 r - a scroll of amnesia {unknown}
 t - a scroll of immolation {unknown}
Potions
 g - a potion of mutation {unknown}
 k - a potion of heal wounds {unknown}
 m - a potion of ambrosia {unknown}
 o - 2 potions of agility {unknown}
Comestibles
 b - 4 chunks of flesh
 e - 4 rations {!d}


   Skills:
 + Level 3.0 Fighting
 * Level 5.0 Polearms
 - Level 0.6 Armour
 + Level 3.6 Dodging
 + Level 1.1 Shields
 - Level 2.0 Spellcasting
 - Level 3.2 Charms


You had 6 spell levels left.
You knew the following spells:

 Your Spells              Type           Power        Failure   Level  Hunger
a - Infusion              Chrm           #...         93%         1    ##.....

Your spell library contained the following spells:

 Spells                   Type           Power        Failure   Level  Hunger
 Song of Slaying          Chrm           #.......     98%         2    ###....
 Shroud of Golubria       Chrm/Tloc      #.........   100%        2    ###....
 Regeneration             Chrm/Necr      #.........   100%        3    ####...
 Spectral Weapon          Hex/Chrm       #.......     100%        3    ####...


Dungeon Overview and Level Annotations

Branches:
Dungeon (3/15)

Altars:
Gozag

Annotations:
D:2 Sigmund
D:3 Grinder


Message History

Grinder shouts!
You are feeling hungry.
Grinder blinks!
Attack whom?
Aim: an orc, wielding a +0 trident You reach to attack!
You hit the orc but do no damage. You block the orc's attack.
Attack whom?
Aim: an orc, wielding a +0 trident You reach to attack!
You hit the orc.
You kill the orc!
Grinder blinks!
You hit the hobgoblin.
You kill the hobgoblin!
Grinder says, "FISH!"
Things that are here:
a +0 club; a +0 trident; a hobgoblin corpse Attack whom?
Aim: Grinder You reach to attack!
You hit Grinder but do no damage. You closely miss Grinder.
Grinder hits you but does no damage.
You hit Grinder.
Your shield and scale mail prevent you from hitting Grinder.
You block Grinder's attack.
You hit Grinder but do no damage. Grinder gestures at you.
You barely resist. You hit Grinder. Grinder hits you.
You writhe in agony.
You hit Grinder but do no damage. You block Grinder's attack.
You hit Grinder. Grinder hits you.
You writhe in agony.
You hit Grinder. Grinder hits you.
* * * LOW HITPOINT WARNING * * *
You writhe in agony.
* * * LOW HITPOINT WARNING * * *
It was a potion of resistance.
You feel protected. Grinder hits you.
* * * LOW HITPOINT WARNING * * *
It was a potion of invisibility.
You fade into invisibility!
Grinder gestures at you.
You suddenly lose the ability to move!
You are very lightly contaminated with residual magic.
Grinder hits you.
* * * LOW HITPOINT WARNING * * *
You writhe in agony.
* * * LOW HITPOINT WARNING * * *
Grinder gestures at you. Pain shoots through your body!
You die...

...##.. .#.#.# ####......
.......#[#.#.# ###....
.......g.#.#.# #.....
######..##.#.# ##.#)#
#........#.#.# #..##.
##.##........############.###.
...................##........
..#####...########.##.......#
# .........5@...[#..'.......#
.#.###..#####..####.......#
...........................
.#.............#.#.#.###..# #
#.####.#####<##.#.#.#..#..
..#.####>.....[...#.#..#...#
#..............####.#....#..
#..........##### #.#..#...#
#..........# #.#....#..


You could see Grinder.

Vanquished Creatures
  Robin (D:2)
  2 adders
  A worm (D:3)
  3 leopard geckos
  An orc (D:3)
  2 giant cockroaches
  8 goblins
  10 hobgoblins
  2 jackals (D:2)
  2 kobolds
  A quokka (D:3)
  2 ball pythons
  8 bats
  3 frilled lizards
  4 rats
50 creatures vanquished.

Notes
Turn   | Place    | Note
-------+----------+-------------------------------------------
     0 | D:1      | MalarOregon the Merfolk Skald began the quest for the Orb.
     0 | D:1      | Reached XP level 1. HP: 16/16 MP: 3/3
   205 | D:1      | Reached XP level 2. HP: 23/23 MP: 5/5
  1152 | D:2      | Reached skill level 4 in Polearms
  1224 | D:2      | Reached XP level 3. HP: 22/28 MP: 6/6
  1414 | D:2      | Found an opulent altar of Gozag.
  1536 | D:2      | Noticed Sigmund
  2669 | D:3      | Noticed Robin
  2698 | D:2      | Reached XP level 4. HP: 12/34 MP: 7/7
  2943 | D:2      | Killed Robin
  2943 | D:2      | Reached skill level 1 in Shields
  3478 | D:3      | Reached skill level 5 in Polearms
  3548 | D:3      | Noticed Grinder
  3575 | D:3      | Paralysed by Grinder for 5 turns
  3577 | D:3      | Killed from afar by Grinder

Skill      XL: |  1  2  3  4 |
---------------+-------------+-----
Dodging        | 3 |  3.6
Polearms       | 4 5 |  5.0
Shields        | 1 |  1.1
Fighting       | 3 |  3.0
Armour         | |  0.6
Spellcasting   | |  2.0
Charms         | |  3.2

Action                   |  1- 3 |  4- 6 || total
-------------------------+-------+-------++-------
Melee: Spear             |   171 |    89 ||   260
  Use: Scroll            |     1 |       ||     1
       Potion            |       |     2 ||     2
 Stab: Sleeping          |     1 |       ||     1
  Eat: Chunk             |     6 |     2 ||     8
Armor: Leather armour    |     7 |       ||     7
       Ring mail         |    46 |     5 ||    51
       Scale mail        |       |    20 ||    20
Dodge: Dodged            |    72 |    11 ||    83
Block: Shield            |    40 |    24 ||    64
